 Dungeon Crawl Stone Soup version 0.20.1-1-g8b1a95d (webtiles) character file.

15458 Monsterracer the Arsonist (level 12, -16/68 HPs)
             Began as a Deep Elf Fire Elementalist on July 6, 2017.
             Was an Elder of Vehumet.
             Killed from afar by Britaniac's ghost (39 damage)
             ... with a fireball
             ... on level 3 of the Lair of Beasts.
             The game lasted 00:44:56 (16204 turns).

Monsterracer the Arsonist (DEFE)                   Turns: 16204, Time: 00:44:57

Health: -16/68     AC:  9    Str:  5    XL:     12   Next: 1%
Magic:  7/37       EV: 17    Int: 36    God:    Vehumet [****..]
Gold:   367        SH:  7    Dex: 15    Spells: 10/32 levels left

rFire    . . .     SeeInvis +   a - +4 rapier of Ritzemye {drain, MR+ Int+7}
rCold    . . .     Gourm    +   t - +2 buckler
rNeg     . . .     Faith    .   l - +0 robe of Morality {rPois SInv}
rPois    +         Spirit   .   (helmet restricted)
rElec    .         Reflect  .   j - +2 cloak
rCorr    .         Harm     .   q - +2 pair of gloves
MR       ++...                  (no boots)
Stlth    ++........             y - amulet of the gourmand
Regen    0.3/turn               m - ring of magical power
MPRegen  0.3/turn               B - +3 ring of intelligence

@: no status effects
A: horns 1, blurry vision 1, shaggy fur 1, MP-powered wands
a: Renounce Religion


You were on level 3 of the Lair of Beasts.
You worshipped Vehumet.
Vehumet was greatly pleased with you.
You were not hungry.

You visited 3 branches of the dungeon, and saw 14 of its levels.
You also visited: Ossuary.

You collected 727 gold pieces.
You spent 360 gold pieces at shops.

Inventory:

Hand Weapons
 a - the +4 rapier of Ritzemye (weapon) {drain, MR+ Int+7}
   (You found it on level 8 of the Dungeon)

   A truly terrible weapon, it drains the life of those it strikes.
   It affects your intelligence (+7).
   It affects your resistance to hostile enchantments.
Armour
 j - a +2 cloak (worn)
 l - the +0 robe of Morality (worn) {rPois SInv}
   (You found it on level 4 of the Dungeon)

   It protects you from poison.
   It lets you see invisible.
 q - a +2 pair of gloves (worn)
 t - a +2 buckler (worn)
Magical Staves
 b - an uncursed staff of air
Jewellery
 m - a ring of magical power (left hand)
 y - an amulet of the gourmand (around neck)
 B - a +3 ring of intelligence (right hand)
Wands
 e - a wand of paralysis (12/24)
 g - a wand of iceblast (10/15)
 x - a wand of acid (15/15)
Scrolls
 h - 11 scrolls of identify
 i - 3 scrolls of remove curse
 n - 4 scrolls of teleportation
 s - a scroll of magic mapping
 w - a scroll of amnesia
 C - a scroll of fog
Potions
 d - a potion of agility
 k - 4 potions of curing
 p - 6 potions of heal wounds
 r - a potion of berserk rage
 u - 2 potions of brilliance
 z - a potion of cancellation
 A - 3 potions of haste
 D - 2 potions of might
Comestibles
 c - 15 bread rations
 f - 19 fruits
 o - 4 meat rations
 v - 3 royal jellies


   Skills:
 + Level 5.0 Fighting
 + Level 7.9 Dodging
 - Level 2.4 Stealth
 - Level 4.0 Shields
 + Level 10.5 Spellcasting
 * Level 10.9 Conjurations
 * Level 11.3 Fire Magic
 + Level 5.0 Air Magic


You had 10 spell levels left.
You knew the following spells:

 Your Spells              Type           Power        Failure   Level  Hunger
a - Flame Tongue          Conj/Fire      #####        0%          1    None
b - Conjure Flame         Conj/Fire      #######.     1%          3    None
c - Sticky Flame          Conj/Fire      #######.     1%          4    None
d - Fireball              Conj/Fire      #######...   1%          5    ##.....
e - Throw Flame           Conj/Fire      ######       1%          2    None
f - Airstrike             Air            ######....   1%          4    None
g - Searing Ray           Conj           ######       1%          2    None
h - Shock                 Conj/Air       ####         1%          1    None


Dungeon Overview and Level Annotations

Branches:
Dungeon (10/15)            Temple (1/1) D:5            Lair (3/6) D:9
  Swamp (0/4) Lair:2
  Snake: Lair:2-4    Spider: Lair:2-4       Orc: D:9-12

Altars:
Cheibriados
Fedhas
Gozag
Hepliaklqana
Nemelex Xobeh
Okawaru
Qazlal
Ru
Sif Muna
Trog
Vehumet

Shops:
D:8 *   D:9 [

Annotations:
Lair:3 Britaniac's ghost, journeyman NaTm


Innate Abilities, Weirdness & Mutations

You have a pair of small horns on your head.
Scrolls take you a little longer to read.
You are covered in fur. (AC +1)
You expend magic power (3 MP) to strengthen your wands.


Message History

Britaniac's ghost gestures at you while chanting.
The fireball explodes!
The fireball engulfs you!
You hear an angry hiss.
Huge Dmg: -32%(-22hp) hp: 68%(46hp)
Casting: Airstrike
Confirm with . or Enter, or press ? or * to list all spells.
Aiming: Flame Tongue
Press: ? - help, Shift-Dir - straight line, f/p - Britaniac's ghost
Aim: Britaniac's ghost (heavily damaged)
The flame tongue hits Britaniac's ghost.
Britaniac's ghost is heavily damaged.
* * * LOW MAGIC WARNING * * *
Britaniac's ghost gestures at you while chanting.
The fireball explodes!
The fireball engulfs you!
* * * LOW HITPOINT WARNING * * *
Huge Dmg: -35%(-24hp) hp: 33%(22hp) Britaniac's ghost casts a spell at you.
The fireball explodes!
The fireball engulfs you!
Ouch! That really hurt!
You die...

#........[.......
##................
#P................
##...=............
#...............#
#.....###...#...#
#.....###...# .P#
#...##.....##
#...##.@...#
#...W§..>..#
#.....#.....#
#....##......#
##... #.....##
#..W #P..### #P..
##.## #P. ... #..
..


You could see Britaniac's ghost.

Vanquished Creatures
  Harold (Lair:2)
  3 hydras
  A two-headed ogre (D:9)
  A black mamba (Lair:1)
  A spiny frog (Lair:1)
  4 komodo dragons
  3 rime drakes (Lair:2)
  2 trolls (D:10)
  A hornet (D:7)
  6 hippogriffs
  A spriggan (D:7)
  2 wraiths (Ossuary)
  4 wyverns
  3 yaks (D:7)
  A vampire (D:9)
  The ghost of TheGamingCockatoo the Chopper, an amateur MiFi of Zin (D:4)
  The ghost of TheGamingCockatoo the Poker, an amateur OpAK of Lugonu (D:3)
  3 wargs (D:9)
  5 water moccasins
  3 porcupines
  3 ice beasts
  An orc warrior (D:8)
  An eye of draining (D:10)
  A black bear (D:9)
  A necrophage (D:7)
  3 sky beasts
  5 ogres
  A phantom (D:6)
  3 centaurs
  4 crocodiles
  A gnoll sergeant (D:5)
  7 bullfrogs
  A wyvern zombie (D:8)
  3 scorpions
  5 killer bees (D:10)
  6 wights
  2 howler monkeys (D:7)
  2 electric eels (Lair:2)
  2 crimson imps
  2 jellies
  A centaur zombie (D:9)
  3 human zombies (D:4)
  A bullfrog skeleton (D:10)
  2 iguanas
  6 orc priests
  2 hounds
  10 orc wizards
  Crazy Yiuf (D:6)
  Jessica (D:2)
  Natasha (thrice) (D:2)
  3 human skeletons (D:4)
  6 worker ants
  2 hell rats (Lair:2)
  A hound zombie (D:8)
  A worker ant zombie (D:7)
  11 gnolls
  10 adders
  3 river rats (Lair:2)
  3 shadow imps
  2 oozes
  2 adder zombies
  4 worms
  5 dart slugs
  8 leopard geckos
  36 orcs
  A ball python (D:5)
  8 bats
  5 giant cockroaches
  8 goblins
  10 hobgoblins
  12 jackals
  12 kobolds
  4 quokkas
  6 frilled lizards
  3 hobgoblin skeletons (Ossuary)
  2 hobgoblin zombies (Ossuary)
  A leopard gecko skeleton (D:4)
  3 orc skeletons (Ossuary)
  An orc zombie (Ossuary)
  17 rats
321 creatures vanquished.

Vanquished Creatures (others)
  A fungus (Lair:2)
1 creature vanquished.

Grand Total: 322 creatures vanquished

Notes
Turn   | Place    | Note
-------+----------+-------------------------------------------
     0 | D:1      | Monsterracer the Deep Elf Fire Elementalist began the quest for the Orb.
     0 | D:1      | Reached XP level 1. HP: 10/10 MP: 6/6
   209 | D:1      | Reached XP level 2. HP: 15/15 MP: 4/8
  1055 | D:1      | Reached XP level 3. HP: 16/19 MP: 5/10
  1098 | D:1      | Learned a level 3 spell: Conjure Flame
  1460 | D:2      | Noticed Natasha
  1474 | D:2      | Killed Natasha
  1474 | D:2      | Reached skill level 4 in Fire Magic
  1474 | D:2      | Reached XP level 4. HP: 24/24 MP: 0/11
  1640 | D:2      | Learned a level 4 spell: Sticky Flame
  1691 | D:2      | Found a sparkling altar of Nemelex Xobeh.
  1691 | D:2      | Noticed Jessica
  1693 | D:2      | Killed Jessica
  1819 | D:2      | Reached XP level 5. HP: 23/28 MP: 5/13
  2422 | D:2      | Found an opulent altar of Gozag.
  2425 | D:2      | Found a sparkling altar of Nemelex Xobeh.
  2425 | D:2      | Noticed Natasha
  2432 | D:2      | Killed Natasha
  2554 | D:2      | Reached skill level 5 in Fire Magic
  2708 | D:2      | Noticed Natasha
  2714 | D:2      | Killed Natasha
  3125 | D:3      | Reached XP level 6. HP: 32/32 MP: 14/14
  3132 | D:3      | Learned a level 5 spell: Fireball
  3671 | D:3      | Found a sacrificial altar of Ru.
  3677 | D:3      | Noticed TheGamingCockatoo's ghost (amateur OpAK)
  3703 | D:3      | Killed TheGamingCockatoo's ghost
  3703 | D:3      | Reached skill level 5 in Conjurations
  3890 | D:3      | Found a stormy altar of Qazlal.
  3893 | D:3      | Noticed a fire elemental
  3893 | D:3      | Noticed an air elemental
  3893 | D:3      | Noticed a water elemental
  3927 | D:3      | Reached skill level 5 in Spellcasting
  4667 | D:4      | Got a shadowed robe
  4732 | D:4      | Reached skill level 6 in Fire Magic
  4732 | D:4      | Reached XP level 7. HP: 36/36 MP: 16/16
  4806 | D:4      | Noticed TheGamingCockatoo's ghost (amateur MiFi)
  4831 | D:4      | Killed TheGamingCockatoo's ghost
  4902 | D:4      | Found a sand-covered staircase.
  4972 | Ossuary  | Entered an ossuary
  5123 | Ossuary  | Identified the cursed +0 robe of Morality {rPois SInv} (You found it on level 4 of the Dungeon)
  5140 | Ossuary  | Noticed a flying skull
  5140 | Ossuary  | Noticed a flying skull
  5151 | Ossuary  | Noticed a flying skull
  5215 | Ossuary  | Reached skill level 7 in Fire Magic
  5249 | Ossuary  | Noticed a wraith
  5267 | Ossuary  | Killed a wraith
  5267 | Ossuary  | Reached XP level 8. HP: 41/41 MP: 8/19
  5364 | Ossuary  | Noticed a flying skull
  5459 | Ossuary  | Noticed a flying skull
  5706 | D:4      | Noticed a moth of wrath
  5709 | D:4      | Found a bloodstained altar of Trog.
  6073 | D:5      | Entered Level 5 of the Dungeon
  6475 | D:5      | Found a staircase to the Ecumenical Temple.
  6481 | Temple   | Entered the Ecumenical Temple
  6514 | Temple   | Became a worshipper of Vehumet
  6659 | D:5      | Reached skill level 8 in Fire Magic
  6792 | D:5      | Reached skill level 1 in Fighting
  7408 | D:6      | Reached skill level 1 in Shields
  7601 | D:6      | Reached XP level 9. HP: 47/47 MP: 22/22
  7631 | D:6      | Learned a level 2 spell: Throw Flame
  7645 | D:6      | Found a runed door.
  7663 | D:6      | Noticed Crazy Yiuf
  7667 | D:6      | Killed Crazy Yiuf
  8040 | D:7      | Gained mutation: You have a pair of small horns on your head. [potion of mutation]
  8040 | D:7      | Gained mutation: Scrolls take you a little longer to read. [potion of mutation]
  8040 | D:7      | Gained mutation: You expend magic power (3 MP) to strengthen your wands. [potion of mutation]
  8040 | D:7      | Gained mutation: You are covered in fur. (AC +1) [potion of mutation]
  8312 | D:7      | Found an iron altar of Okawaru.
  8829 | D:7      | Reached skill level 9 in Fire Magic
  9291 | D:8      | Reached * piety under Vehumet
  9291 | D:8      | Offered knowledge of Shock by Vehumet.
  9295 | D:8      | Learned a level 1 spell: Shock
  9350 | D:8      | Reached skill level 5 in Dodging
  9547 | D:8      | Reached XP level 10. HP: 54/54 MP: 24/24
 10002 | D:8      | Found a deep blue altar of Sif Muna.
 10002 | D:8      | Found a blossoming altar of Fedhas.
 10003 | D:8      | Found a snail-covered altar of Cheibriados.
 10081 | D:8      | Found Masebboqe's General Store.
 10089 | D:8      | Bought a potion of heal wounds for 55 gold pieces
 10089 | D:8      | Bought a potion of haste for 110 gold pieces
 10101 | D:8      | Found a stormy altar of Qazlal.
 10159 | D:8      | Identified the +4 rapier of Ritzemye {drain, MR+ Int+7} (You found it on level 8 of the Dungeon)
 10355 | D:8      | Found a hazy altar of Hepliaklqana.
 10565 | D:9      | Reached ** piety under Vehumet
 10565 | D:9      | Offered knowledge of Searing Ray by Vehumet.
 10565 | D:9      | Reached skill level 10 in Fire Magic
 10572 | D:9      | Learned a level 2 spell: Searing Ray
 10697 | D:9      | Noticed a two-headed ogre
 10706 | D:9      | Killed a two-headed ogre
 10773 | D:9      | Found a staircase to the Lair.
 10976 | D:9      | Found Lyujic's Antique Armour Emporium.
 10982 | D:9      | Bought a pair of glowing gloves for 195 gold pieces
 11365 | D:9      | Offered knowledge of Ignite Poison by Vehumet.
 11365 | D:9      | Reached skill level 10 in Conjurations
 11562 | D:10     | Entered Level 10 of the Dungeon
 12167 | D:10     | Reached XP level 11. HP: 60/60 MP: 26/26
 12190 | D:10     | Reached *** piety under Vehumet
 12848 | D:10     | Offered knowledge of Airstrike by Vehumet.
 12854 | D:10     | Learned a level 4 spell: Airstrike
 13088 | Lair:1   | Entered Level 1 of the Lair of Beasts
 13264 | Lair:1   | Reached skill level 1 in Air Magic
 13730 | Lair:1   | Noticed an eight-headed hydra
 13779 | Lair:1   | Killed an eight-headed hydra
 13779 | Lair:1   | Reached skill level 11 in Fire Magic
 14583 | Lair:2   | Found a frozen archway.
 14586 | Lair:2   | Reached skill level 10 in Spellcasting
 14737 | Lair:2   | Found a staircase to the Swamp.
 14996 | Lair:2   | Noticed a six-headed hydra
 15005 | Lair:2   | Killed a six-headed hydra
 15015 | Lair:2   | Reached **** piety under Vehumet
 15586 | Lair:2   | Noticed Harold
 15598 | Lair:2   | Killed Harold
 15958 | Lair:2   | Noticed a five-headed hydra
 15964 | Lair:2   | Killed a five-headed hydra
 16088 | Lair:3   | Reached skill level 5 in Fighting
 16180 | Lair:3   | Offered knowledge of Stone Arrow by Vehumet.
 16180 | Lair:3   | Reached skill level 5 in Air Magic
 16180 | Lair:3   | Reached XP level 12. HP: 68/68 MP: 28/28
 16194 | Lair:3   | Noticed Britaniac's ghost (journeyman NaTm)
 16204 | Lair:3   | Killed from afar by Britaniac's ghost

Skill      XL: |  1  2  3  4  5  6  7  8  9 10 11 |
---------------+----------------------------------+-----
Conjurations   | 2 3 4 5 6 7 9 10 | 10.9
Fire Magic     | 4 5 6 7 8 9 10 11 | 11.3
Spellcasting   | 4 5 6 7 8 9 10 | 10.5
Fighting       | 1 2 3 5 |  5.0
Dodging        | 3 5 6 7 |  7.9
Shields        | 1 2 3 4 |  4.0
Air Magic      | 5 |  5.0
Stealth        | |  2.4

Action                   |  1- 3 |  4- 6 |  7- 9 | 10-12 || total
-------------------------+-------+-------+-------+-------++-------
Melee: Dagger            |     1 |     7 |       |       ||     8
       Whip              |       |     2 |       |       ||     2
       Long sword        |       |    26 |    19 |     2 ||    47
       Rapier            |       |       |       |     3 ||     3
 Cast: Flame Tongue      |    58 |   134 |   240 |   289 ||   721
       Conjure Flame     |     2 |     8 |    15 |    23 ||    48
       Sticky Flame      |       |       |    14 |    39 ||    53
       Fireball          |       |       |     3 |     7 ||    10
       Throw Flame       |       |       |     5 |    51 ||    56
       Shock             |       |       |     1 |     3 ||     4
       Searing Ray       |       |       |       |     4 ||     4
       Airstrike         |       |       |       |    15 ||    15
  Use: Potion            |     1 |     5 |     5 |     2 ||    13
       Scroll            |       |     3 |    12 |     9 ||    24
 Stab: Sleeping          |       |     1 |       |       ||     1
  Eat: Chunk             |     2 |     7 |    17 |    24 ||    50
       Fruit             |       |     2 |     1 |       ||     3
Armor: Robe              |     3 |    11 |     4 |     5 ||    23
Dodge: Dodged            |    15 |    50 |    34 |    50 ||   149
Block: Buckler           |       |       |       |    23 ||    23
       Rpst.: Long sword |       |     9 |     9 |     1 ||    19
